3AAA
HARTFORD PRIDE @ SUNSET DISTRICT FOG
05/27/2041
 
TOP OF THE 1ST
Hartford Pride batting - Pitching for Sunset District Fog : RHP Félix Aiza
Pitching: RHP Félix Aiza
Batting: LHB Ramón Garmendia 0-0: Ball
1-0: Ground out U3 (Groundball, 3, EV 109.4 MPH)
Batting: LHB Jorge Ortíz 0-0: Swinging Strike
0-1: Foul Ball, location: 2F
0-2: Ball
1-2: Ball
2-2: DOUBLE (Line Drive, 3D, EV 104.4 MPH)
Batting: RHB Chip Mullaney 0-0: Called Strike
0-1: Ball
1-1: Ball
2-1: Swinging Strike
2-2: 2-RUN HOME RUN (Flyball, 9D, EV 91.9 MPH), Distance : 397 ft
Batting: LHB Alfonso Ramírez 0-0: Called Strike
0-1: Foul Ball, location: 2F
0-2: Strikes out looking
Batting: RHB Lester Kwiatkowski 0-0: Called Strike
0-1: Ball
1-1: Called Strike
1-2: Ball
2-2: Foul Ball, location: 2F
2-2: Strikes out swinging
Top of the 1st over - 2 runs, 2 hits, 0 errors, 0 left on base; Hartford 2 - Sunset District 0
BOTTOM OF THE 1ST
Sunset District Fog batting - Pitching for Hartford Pride : RHP Tomás Huesca
Pitching: RHP Tomás Huesca
Batting: SHB Doug Watson 0-0: Ground out 4-3 (Groundball, 4, EV 83.8 MPH)
Batting: LHB Dan Hines 0-0: Foul Ball, location: 2F
0-1: Foul Ball, location: 2F
0-2: SINGLE (Line Drive, 9S, EV 101.2 MPH)
Batting: LHB Phillip White 0-0: Called Strike
0-1: Ball
1-1: Fly out, F8 (Flyball, 8LD, EV 91.9 MPH)
Batting: RHB John Mast 0-0: Ground out 6-3 (Groundball, 6S, EV 84.4 MPH)
Bottom of the 1st over - 0 runs, 1 hit, 0 errors, 1 left on base; Hartford 2 - Sunset District 0
TOP OF THE 2ND
Hartford Pride batting - Pitching for Sunset District Fog : RHP Félix Aiza
Batting: LHB Carlos Rodríguez 0-0: Ball
1-0: Called Strike
1-1: Called Strike
1-2: Foul Ball, location: 2F
1-2: Ball
2-2: Foul Ball, location: 2F
2-2: Foul Ball, location: 2F
2-2: Strikes out swinging
Batting: RHB Bellmay Blake 0-0: Ball
1-0: Called Strike
1-1: Ball
2-1: Foul Ball, location: 2F
2-2: Ball
3-2: Foul Ball, location: 2F
3-2: Fly out, F8 (Flyball, 89M, EV 83.8 MPH)
Batting: RHB Ramón Barbosa 0-0: Ball
1-0: Ball
2-0: Ground out 2-3 (Groundball, 15S, EV 68.8 MPH)
Top of the 2nd over - 0 runs, 0 hits, 0 errors, 0 left on base; Hartford 2 - Sunset District 0
BOTTOM OF THE 2ND
Sunset District Fog batting - Pitching for Hartford Pride : RHP Tomás Huesca
Batting: LHB Dallas Ihde 0-0: Swinging Strike
0-1: Ball
1-1: Ball
2-1: Foul Ball, location: 2F
2-2: Foul Ball, location: 2F
2-2: Foul Ball, location: 2F
2-2: Ball
3-2: Fly out, F9 (Flyball, 9S, EV 85.6 MPH)
Batting: LHB Flint Myers 0-0: Called Strike
0-1: Ball
1-1: Ball
2-1: Fly out, F7 (Flyball, 7S, EV 73.8 MPH)
Batting: LHB Michael Witt 0-0: Called Strike
0-1: Ball
1-1: Ball
2-1: Foul Ball, location: 2F
2-2: Ball
3-2: Foul Ball, location: 2F
3-2: Ground out 3-1 (Groundball, 3L, EV 101.2 MPH)
Bottom of the 2nd over - 0 runs, 0 hits, 0 errors, 0 left on base; Hartford 2 - Sunset District 0
TOP OF THE 3RD
Hartford Pride batting - Pitching for Sunset District Fog : RHP Félix Aiza
Batting: LHB Keith York 0-0: Called Strike
0-1: Ball
1-1: Foul Ball, location: 2F
1-2: Ball
2-2: SINGLE (Flyball, 89S, EV 93.8 MPH)
Batting: LHB Ramón Garmendia 0-0: Ball
1-0: Foul Ball, location: 2F
1-1: Ball
2-1: Fly out, F7 (Flyball, 7S, EV 95.6 MPH)
Batting: LHB Jorge Ortíz 0-0: Fly out, F3 (Popup, 34S, EV 86.9 MPH)
Batting: RHB Chip Mullaney 0-0: Ball
1-0: Swinging Strike
1-1: Swinging Strike
1-2: Fielders Choice at 2nd, 5-4 (Groundball, 5L, EV 101.2 MPH)
Top of the 3rd over - 0 runs, 1 hit, 0 errors, 1 left on base; Hartford 2 - Sunset District 0
BOTTOM OF THE 3RD
Sunset District Fog batting - Pitching for Hartford Pride : RHP Tomás Huesca
Batting: RHB Cooper Lowe 0-0: Ball
1-0: Called Strike
1-1: Ball
2-1: Ball
3-1: SINGLE (Line Drive, 6D, EV 99.4 MPH)
Batting: RHB Tak-wai Jia 0-0: Called Strike
0-1: Ball
1-1: Ball
2-1: Called Strike
2-2: Fly out, F6 (Popup, 4MS, EV 68.8 MPH)
Batting: SHB Doug Watson 0-0: Fielders Choice at 2nd, 4-6 (Groundball, 4, EV 99.4 MPH)
Batting: LHB Dan Hines 0-0: Called Strike
0-1: Ball
1-1: Foul Ball, location: 2F
1-2: Ball
2-2: Ball
3-2: Fly out, F7 (Flyball, 7S, EV 85.6 MPH)
Bottom of the 3rd over - 0 runs, 1 hit, 0 errors, 1 left on base; Hartford 2 - Sunset District 0
TOP OF THE 4TH
Hartford Pride batting - Pitching for Sunset District Fog : RHP Félix Aiza
Batting: LHB Alfonso Ramírez 0-0: Ball
1-0: Ball
2-0: Ball
3-0: Base on Balls
Batting: RHB Lester Kwiatkowski 0-0: Ball
1-0: Ball
2-0: Ball
3-0: Called Strike
3-1: Swinging Strike
3-2: Foul Ball, location: 2F
3-2: SINGLE (Groundball, 34D, EV 104.4 MPH)
Alfonso Ramírez to second
Runner from 2nd tries for 3rd, SAFE, throw by RF made to third
Batting: LHB Carlos Rodríguez 0-0: Called Strike
0-1: Fielders Choice at 2nd, 4-6 (Groundball, 4, EV 94.4 MPH)
Alfonso Ramírez scores
Batting: RHB Bellmay Blake 0-0: Ball
1-0: Ball
2-0: Called Strike
2-1: Swinging Strike
2-2: Strikes out looking
Batting: RHB Ramón Barbosa 0-0: Called Strike
0-1: Swinging Strike
0-2: Strikes out swinging
Top of the 4th over - 1 run, 1 hit, 0 errors, 1 left on base; Hartford 3 - Sunset District 0
BOTTOM OF THE 4TH
Sunset District Fog batting - Pitching for Hartford Pride : RHP Tomás Huesca
Batting: LHB Phillip White 0-0: Ball
1-0: Called Strike
1-1: Foul Ball, location: 2F
1-2: Ball
2-2: Ground out 5-3 (Groundball, 56, EV 103.1 MPH)
Batting: RHB John Mast 0-0: Ball
1-0: SINGLE (Flyball, 9LM, EV 98.8 MPH) - OUT at second base trying to stretch hit.
Batting: LHB Dallas Ihde 0-0: Foul Ball, location: 2F
0-1: Ball
1-1: Foul Ball, location: 2F
1-2: Foul Ball, location: 2F
1-2: Ball
2-2: Ball
3-2: SINGLE (Flyball, 8RS, EV 87.5 MPH)
Batting: LHB Flint Myers 0-0: Foul Ball, location: 2F
0-1: Swinging Strike
0-2: Ball
1-2: Strikes out looking
Bottom of the 4th over - 0 runs, 2 hits, 0 errors, 1 left on base; Hartford 3 - Sunset District 0
TOP OF THE 5TH
Hartford Pride batting - Pitching for Sunset District Fog : RHP Félix Aiza
Batting: LHB Keith York 0-0: Called Strike
0-1: Ball
1-1: Ball
2-1: Ball
3-1: Base on Balls
Batting: LHB Ramón Garmendia 0-0: Sac Bunt to 56S - play at first, batter OUT! 1-3
Keith York to second
Batting: LHB Jorge Ortíz 0-0: Ball
1-0: Ball
2-0: Fly out, F9 (Flyball, 9, EV 85.0 MPH)
Batting: RHB Chip Mullaney 0-0: Ball
1-0: Foul Ball, location: 2F
1-1: 2-RUN HOME RUN (Flyball, 7LD, EV 110.0 MPH), Distance : 342 ft
Pitching: RHP Sung-jae Man
Batting: LHB Alfonso Ramírez 0-0: Ball
1-0: Foul Ball, location: 2F
1-1: Called Strike
1-2: Fly out, F7 (Flyball, 78D, EV 101.9 MPH)
Top of the 5th over - 2 runs, 1 hit, 0 errors, 0 left on base; Hartford 5 - Sunset District 0
BOTTOM OF THE 5TH
Sunset District Fog batting - Pitching for Hartford Pride : RHP Tomás Huesca
Batting: LHB Michael Witt 0-0: Called Strike
0-1: Ball
1-1: SINGLE (Groundball, 34D, EV 105.6 MPH)
Batting: RHB Cooper Lowe 0-0: Called Strike
Michael Witt steals 2nd base
0-1: Ball
1-1: Ball
2-1: Ball
Wild Pitch!
Michael Witt to third
3-1: Foul Ball, location: 2F
3-2: Foul Ball, location: 2F
3-2: Base on Balls
Batting: RHB Tak-wai Jia 0-0: Swinging Strike
0-1: Called Strike
0-2: SINGLE (Flyball, 7S, EV 89.4 MPH)
Michael Witt scores
Cooper Lowe to second
Batting: SHB Doug Watson 0-0: Ball
1-0: Grounds into double play, 4-6-3 (Groundball, 4, EV 81.2 MPH)
Cooper Lowe to third
Batting: LHB Dan Hines 0-0: Ball
1-0: SINGLE (Groundball, 34D, EV 98.1 MPH)
Cooper Lowe scores
Batting: LHB Phillip White 0-0: Ball
1-0: Called Strike
1-1: Ball
2-1: Ball
3-1: Swinging Strike
3-2: Ground out 5-3 (Groundball, 56S, EV 81.2 MPH)
Bottom of the 5th over - 2 runs, 3 hits, 0 errors, 1 left on base; Hartford 5 - Sunset District 2
TOP OF THE 6TH
Hartford Pride batting - Pitching for Sunset District Fog : RHP Sung-jae Man
Batting: RHB Lester Kwiatkowski 0-0: Called Strike
0-1: Ground out 6-3 (Groundball, 6, EV 86.2 MPH)
Batting: LHB Carlos Rodríguez 0-0: Called Strike
0-1: Ball
1-1: Swinging Strike
1-2: Strikes out looking
Batting: RHB Bellmay Blake 0-0: Called Strike
0-1: Foul Ball, location: 2F
0-2: Ball
1-2: Ball
2-2: Ball
3-2: Ground out 5-3 (Groundball, 5, EV 106.9 MPH)
Top of the 6th over - 0 runs, 0 hits, 0 errors, 0 left on base; Hartford 5 - Sunset District 2
BOTTOM OF THE 6TH
Sunset District Fog batting - Pitching for Hartford Pride : RHP Tomás Huesca
Batting: RHB John Mast 0-0: Called Strike
0-1: Ball
1-1: Foul Ball, location: 2F
1-2: Ground out 4-3 (Groundball, 4S, EV 58.1 MPH)
Batting: LHB Dallas Ihde 0-0: Called Strike
0-1: Called Strike
0-2: Ball
1-2: Ball
2-2: Strikes out looking
Batting: LHB Flint Myers 0-0: Called Strike
0-1: Ball
1-1: SINGLE (Groundball, 5, EV 106.2 MPH) (infield hit)
Batting: LHB Michael Witt 0-0: Ball
1-0: Ball
2-0: Ball
3-0: Called Strike
3-1: Ground out 4-3 (Groundball, 4, EV 80.6 MPH)
Bottom of the 6th over - 0 runs, 1 hit, 0 errors, 1 left on base; Hartford 5 - Sunset District 2
TOP OF THE 7TH
Hartford Pride batting - Pitching for Sunset District Fog : RHP Sung-jae Man
Batting: RHB Ramón Barbosa 0-0: Reached on error, E6 (Groundball, 6, EV 88.1 MPH)
Batting: LHB Keith York 0-0: Sac Bunt to 15S - play at first, batter OUT! 1-3
Ramón Barbosa to second
Batting: LHB Ramón Garmendia 0-0: Called Strike
0-1: Fly out, F9 (Flyball, 89D, EV 100.0 MPH)
Batting: LHB Jorge Ortíz 0-0: Ball
1-0: Ball
2-0: Foul Ball, location: 2F
2-1: Foul Ball, location: 2F
2-2: Ball
3-2: Ground out 4-3 (Groundball, 4, EV 83.8 MPH)
Top of the 7th over - 0 runs, 0 hits, 1 error, 1 left on base; Hartford 5 - Sunset District 2
BOTTOM OF THE 7TH
Sunset District Fog batting - Pitching for Hartford Pride : RHP Tomás Huesca
Pitching: RHP Geunhye Kyoung
Batting: RHB Cooper Lowe 0-0: Called Strike
0-1: Foul Ball, location: 2F
0-2: Ball
1-2: Foul Ball, location: 2F
1-2: DOUBLE (Flyball, 89XD, EV 106.9 MPH)
Batting: RHB Tak-wai Jia 0-0: SINGLE (Groundball, 56D, EV 100.0 MPH)
Cooper Lowe to third
Runner from 3rd tries for Home, SAFE, no throw by LF
Batting: SHB Doug Watson 0-0: Ball
1-0: Ball
2-0: Bunted foul
2-1: Bunted foul
2-2: Strikes out swinging
Batting: LHB Dan Hines 0-0: Ball
1-0: Foul Ball, location: 2F
1-1: DOUBLE (Line Drive, 9LD, EV 98.1 MPH)
Tak-wai Jia to third
Batting: LHB Phillip White 0-0: Ball
1-0: Foul Ball, location: 2F
1-1: Foul Ball, location: 2F
1-2: Fly out, F8 (Flyball, 8LM, EV 78.1 MPH)
Runner from 3rd tags up, SCORES, throw by CF
Dan Hines to third
Batting: RHB John Mast 0-0: Called Strike
0-1: Ball
1-1: Called Strike
1-2: Strikes out looking
Bottom of the 7th over - 2 runs, 3 hits, 0 errors, 1 left on base; Hartford 5 - Sunset District 4
TOP OF THE 8TH
Hartford Pride batting - Pitching for Sunset District Fog : RHP Sung-jae Man
Batting: RHB Chip Mullaney 0-0: Ball
1-0: Ball
2-0: Called Strike
2-1: Ball
3-1: Foul Ball, location: 2F
3-2: Base on Balls
Batting: LHB Alfonso Ramírez 0-0: 2-RUN HOME RUN (Flyball, 9D, EV 91.9 MPH), Distance : 376 ft
Batting: RHB Lester Kwiatkowski 0-0: Called Strike
0-1: Foul Ball, location: 2F
0-2: Ball
1-2: Ball
2-2: Strikes out swinging
Batting: LHB Carlos Rodríguez 0-0: Swinging Strike
0-1: Ball
1-1: Foul Ball, location: 2F
1-2: DOUBLE (Line Drive, 89M, EV 108.8 MPH)
Batting: RHB Bellmay Blake 0-0: Called Strike
0-1: Ball
1-1: Fly out, F7 (Flyball, 7D, EV 92.5 MPH)
Runner from 2nd tags up, SAFE at 3rd, no throw by LF
Batting: RHB Ramón Barbosa 0-0: Foul Ball, location: 2F
0-1: Called Strike
0-2: Ball
1-2: Ball
2-2: Foul Ball, location: 2F
2-2: Foul Ball, location: 2F
2-2: Strikes out swinging
Top of the 8th over - 2 runs, 2 hits, 0 errors, 1 left on base; Hartford 7 - Sunset District 4
BOTTOM OF THE 8TH
Sunset District Fog batting - Pitching for Hartford Pride : RHP Geunhye Kyoung
Batting: LHB Dallas Ihde 0-0: Called Strike
0-1: Ball
1-1: Ball
2-1: Called Strike
2-2: Foul Ball, location: 2F
2-2: Foul Ball, location: 2F
2-2: Reached on error, E5 (Popup, 25, EV 93.1 MPH)
Batting: LHB Flint Myers 0-0: Fly out, F3 (Line Drive, 3, EV 66.9 MPH)
Batting: LHB Michael Witt 0-0: Called Strike
0-1: Called Strike
0-2: Ball
1-2: Ball
2-2: Foul Ball, location: 2F
2-2: Fly out, F7 (Line Drive, 7, EV 88.1 MPH)
Batting: RHB Cooper Lowe 0-0: Ball
1-0: Ball
2-0: Called Strike
2-1: Swinging Strike
2-2: Fly out, F8 (Flyball, 8LXD, EV 71.9 MPH)
Bottom of the 8th over - 0 runs, 0 hits, 1 error, 1 left on base; Hartford 7 - Sunset District 4
TOP OF THE 9TH
Hartford Pride batting - Pitching for Sunset District Fog : RHP Sung-jae Man
Batting: LHB Keith York 0-0: Swinging Strike
0-1: Swinging Strike
0-2: Fly out, F9 (Line Drive, 9, EV 90.6 MPH)
Batting: LHB Ramón Garmendia 0-0: Ground out 6-3 (Groundball, 4M, EV 106.2 MPH)
Batting: LHB Jorge Ortíz 0-0: Foul Ball, location: 2F
0-1: Fly out, F7 (Flyball, 7S, EV 90.0 MPH)
Top of the 9th over - 0 runs, 0 hits, 0 errors, 0 left on base; Hartford 7 - Sunset District 4
BOTTOM OF THE 9TH
Sunset District Fog batting - Pitching for Hartford Pride : RHP Geunhye Kyoung
Pitching: RHP Morris Prinkey
Batting: RHB Tak-wai Jia 0-0: Foul Ball, location: 2F
0-1: Ground out 4-3 (Groundball, 4, EV 104.4 MPH)
Batting: SHB Doug Watson 0-0: Ball
1-0: SINGLE (Groundball, 4D, EV 104.4 MPH)
Batting: LHB Dan Hines 0-0: Called Strike
0-1: Called Strike
0-2: Ball
1-2: Foul Ball, location: 2F
1-2: Ball
2-2: Ball
3-2: Grounds into double play, 4-6-3 (Groundball, 4, EV 100.6 MPH)
Bottom of the 9th over - 0 runs, 1 hit, 0 errors, 0 left on base; Hartford 7 - Sunset District 4
Tuesday, January 5th, 2021 - OOTP Baseball 20.8 Build 74